 Dungeon Crawl Stone Soup version 0.30-a0-578-gdee14c521f (webtiles) character file.

Game seed: 13862832889806766240

1575 bmack86 the Cleaver (level 8, -8/69 (71) HPs)
             Began as a Minotaur Fighter on Jan 1, 2023.
             Was a Follower of Okawaru.
             Mangled by a wight
             ... wielding a +0 flail
              (11 damage)
             ... on level 6 of the Dungeon.
             The game lasted 00:15:53 (5488 turns).

bmack86 the Cleaver (Minotaur Fighter)              Turns: 5488, Time: 00:15:53

HP:   -8/69 (71)    AC: 15    Str: 23    XL:     8   Next: 60%
MP:   8/8           EV:  6    Int:  5    God:    Okawaru [*.....]
Gold: 327           SH:  5    Dex: 10    Spells: 7/7 levels left

rFire   + . .      SeeInvis .    a - +1 war axe
rCold   x . .      Faith    .    c - +0 buckler
rNeg    . . .      Spirit   .    F - +0 plate armour
rPois   .          Reflect  .    (helmet restricted)
rElec   .          Harm     .    m - +0 cloak
rCorr   .          Rampage  .    i - +0 pair of gloves
Will    .....                    (no boots) Stlth
                                 G - amulet of the acrobat
HPRegen 0.31/turn                r - ring of fire
MPRegen 0.11/turn                (no ring)

@: lightly drained
A: horns 2, retaliatory headbutt
a: Renounce Religion, Heroism


You were on level 6 of the Dungeon.
You worshipped Okawaru.
Okawaru was aware of your devotion.
You visited 2 branches of the dungeon, and saw 7 of its levels.
You also visited: Ossuary.

You collected 327 gold pieces.

Inventory:

Hand Weapons
 a - a +1 war axe (weapon)
 A - a +2 heavy battleaxe
Missiles
 p - 2 throwing nets (quivered)
Armour
 c - a +0 buckler (worn)
 i - a +0 pair of gloves (worn)
 m - a +0 cloak (worn)
 F - a +0 plate armour (worn)
Jewellery
 r - a ring of fire (left hand)
 G - an amulet of the acrobat (around neck)
Wands
 n - a wand of roots (12)
 y - a wand of flame (18)
 B - a wand of quicksilver (10)
Scrolls
 g - 4 scrolls of teleportation
 j - a scroll of summoning
 s - 2 scrolls of poison
 t - 2 scrolls of fog
 u - a scroll of brand weapon {unknown}
 v - a scroll of torment {unknown}
 w - 2 scrolls of enchant weapon
 C - 2 scrolls of magic mapping
 D - a scroll of vulnerability {unknown}
Potions
 b - a potion of mutation {unknown}
 d - 6 potions of might
 e - a potion of cancellation
 f - 4 potions of flight
 h - 2 potions of lignification
 k - 2 potions of brilliance
 l - 6 potions of attraction
 q - 2 potions of resistance
 x - 2 potions of curing
 z - 2 potions of heal wounds
 E - a potion of berserk rage


   Skills:
 + Level 6.5 Fighting
 * Level 8.0 Axes
 + Level 3.0 Throwing
 + Level 6.5 Armour
 + Level 6.6 Shields
 + Level 1.6 Invocations


You had 7 spell levels left.
You didn't know any spells.
Your spell library contained the following spells:

 Spells                   Type           Power      Damage    Failure   Level
 Foxfire                  Conj/Fire      0%         2x1d4     100%        1
 Sting                    Tmut/Pois      0%         1d3       100%        1
 Ensorcelled Hibernation  Hex/Ice        0%         N/A       100%        2
 Poisonous Vapours        Pois/Air       0%         N/A       100%        2
 Spider Form              Tmut/Pois      0%         N/A       100%        3
 Anguish                  Hex/Necr       0%         N/A       100%        4
 Olgreb's Toxic Radiance  Pois           0%         N/A       100%        4
 Fireball                 Conj/Fire      0%         3d3       100%        5
 Starburst                Conj/Fire      0%         6d3       100%        6


Dungeon Overview and Level Annotations

Branches:
Dungeon (6/15)             Temple (1/1) D:5         Ossuary (visited)

Altars:
Ashenzari
Cheibriados
Dithmenos
Elyvilon
Fedhas
Gozag
Makhleb
Nemelex Xobeh
Okawaru
Qazlal
Ru
Trog
Uskayaw
Vehumet
Wu Jian
Xom
Yredelemnul

Shops:
D:5 [


Innate Abilities, Weirdness & Mutations

You have a pair of horns on your head.
You reflexively headbutt those who attack you in melee.


Message History

The wight hits you with a +3 halberd of freezing.
The wight freezes you.
Things that are here:
a +1 halberd; a +0 robe You hit the wight but do no damage.
You headbutt the wight.
You destroy the wight!
Okawaru accepts your kill.
You slash the wight! The wight hits you but does no damage.
Your Throwing skill increases to level 3!
The wight misses you.
Things that are here:
a +0 hand axe; a +0 robe You hit the wight.
The wight is severely damaged.
The wight hits you with a +3 halberd of freezing!
You feel drained. The wight freezes you.
You barely miss the wight.
The wight is severely damaged.
The wight hits you with a +3 halberd of freezing!
You feel drained. The wight freezes you.
* * * LOW HITPOINT WARNING * * *
You closely miss the wight. You headbutt the wight.
You destroy the wight!
Okawaru accepts your kill.
You closely miss the wight. The wight hits you with a +0 flail.
* * * LOW HITPOINT WARNING * * *
Your Axes skill increases to level 8!
You block the wight's attack.
Things that are here:
a +3 halberd of freezing; a +0 robe The wight completely misses you.
Found 2 stones.
The wight barely misses you.
You slash the wight!
The wight is severely damaged.
You block the wight's attack. The wight hits you with a +0 flail!
* * * LOW HITPOINT WARNING * * *
You closely miss the wight.
The wight is severely damaged.
The wight hits you with a +0 flail!
You die...

#........# #.
##.......##
##.......#
#....##..#
##....###..#
#[...).# #... (
.....#.))###.....
.....###)z.#.....
..... #.@.......
.... #=......##
..# ........##
#...##...# #####
#..# ..# ##


You could see a wight.

Vanquished Creatures
  2 water moccasins
  2 black bears (D:5)
  A necrophage (D:6)
  3 scorpions
  4 wights (D:6)
  A howler monkey (D:5)
  2 hounds (D:5)
  4 jellies
  An orc priest (D:6)
  Ijyb (D:3)
  An iguana (D:4)
  3 mummies (Ossuary)
  Robin (D:2)
  10 gnolls
  4 adders
  An ufetubus (D:4)
  4 adder zombies (Ossuary)
  3 worms
  2 dart slugs
  6 orcs
  7 bats
  6 endoplasms
  7 giant cockroaches
  9 hobgoblins
  12 jackals
  4 kobolds
  4 quokkas
  7 ball pythons
  4 frilled lizards
  18 goblins
  5 goblin zombies (Ossuary)
  2 hobgoblin zombies (Ossuary)
  A kobold zombie (Ossuary)
  3 quokka zombies (Ossuary)
  6 rats
  3 rat zombies (Ossuary)
154 creatures vanquished.

Vanquished Creatures (collateral kills)
  A black bear (D:2)
  A frilled lizard (D:2)
2 creatures vanquished.

Grand Total: 156 creatures vanquished

Notes
Turn   | Place    | Note
-------+----------+-------------------------------------------
     0 | D:1      | bmack86 the Minotaur Fighter began the quest for the Orb.
     0 | D:1      | Reached XP level 1. HP: 19/19 MP: 0/0
    10 | D:1      | Reached XP level 2. HP: 26/27 MP: 1/1
    14 | D:1      | Reached skill level 3 in Axes
   216 | D:1      | Reached XP level 3. HP: 33/33 MP: 2/2
   872 | D:2      | Reached XP level 4. HP: 36/40 MP: 3/3
  1104 | D:2      | Noticed a black bear
  1114 | D:2      | Killed a black bear
  1115 | D:2      | Reached skill level 4 in Axes
  1115 | D:2      | Reached XP level 5. HP: 45/47 MP: 4/4
  1165 | D:2      | Noticed Robin
  1176 | D:2      | Killed Robin
  1884 | D:3      | Reached skill level 5 in Axes
  2038 | D:3      | Reached skill level 5 in Shields
  2038 | D:3      | Reached XP level 6. HP: 55/55 MP: 5/5
  2090 | D:3      | Reached skill level 5 in Fighting
  2495 | D:3      | Reached skill level 5 in Armour
  2562 | D:3      | Noticed Ijyb
  2567 | D:3      | Killed Ijyb
  2724 | D:4      | Found a broken altar of Ashenzari.
  2977 | D:4      | Found a blossoming altar of Fedhas.
  3160 | D:4      | Found a sparkling altar of Nemelex Xobeh.
  3497 | D:4      | Reached skill level 6 in Axes
  3497 | D:4      | Reached skill level 1 in Throwing
  3497 | D:4      | Reached XP level 7. HP: 56/61 MP: 6/6
  3826 | D:5      | Entered Level 5 of the Dungeon
  3937 | D:5      | Found a stormy altar of Qazlal.
  3966 | D:5      | Found Fygy's Antique Armour Shoppe.
  4065 | D:5      | Found a sand-covered staircase.
  4074 | Ossuary  | Entered an ossuary
  4594 | D:5      | Found a staircase to the Ecumenical Temple.
  4606 | D:5      | Reached skill level 7 in Axes
  4618 | Temple   | Entered the Ecumenical Temple
  4766 | Temple   | Became a worshipper of Warmaster Okawaru
  4842 | D:5      | Reached XP level 8. HP: 68/70 MP: 7/7
  4862 | D:5      | Found a bloodstained altar of Trog.
  4958 | D:5      | Found a radiant altar of Vehumet.
  5018 | D:5      | Identified the +1 leather armour "Mink" {+Inv rF+ Int+3
                  | Dex+2}
  5464 | D:6      | Reached * piety under Okawaru
  5465 | D:6      | Reached skill level 1 in Invocations
  5484 | D:6      | Reached skill level 8 in Axes
  5487 | D:6      | HP: 3/69 [wight/+0 flail (9)]
  5488 | D:6      | Mangled by a wight

Illustrated notes

Levels and vault maps discovered:
D:1:      spicycebolla_arrival_risky_transporter, layout_basic,
          nrook_mini_backslash
D:2:      layout_basic, uniq_robin
D:3:      layout_basic, minmay_checkerbox, uniq_ijyb
D:4:      layout_basic, mainiacjoe_overflow_concentric_impassable,
          fedhas_altar_4, nemelex_spade_bored_becter
D:5:      layout_loops_ring, kennysheep_mini, trog_ov_bears_minmay,
          mainiacjoe_overflow_catwalk, minmay_temple_entry_junction_2,
          serial_shops, shop, chequers_ossuary_entry_cave
D:6:      layout_layer_cave, serial_rivers, chequers_serial_rivers_micro_b,
          chequers_serial_rivers_large_a, chequers_serial_rivers_small_b,
          chequers_serial_rivers_small_b
Temple:   jpeg_temple_clearing

Skill      XL: |  1  2  3  4  5  6  7  8 |
---------------+-------------------------+-----
Axes           | 3 4 5 6 7 8 |  8.0
Fighting       | 4 5 6 |  6.5
Shields        | 4 5 6 |  6.6
Armour         | 4 5 6 |  6.5
Throwing       | 1 2 3 |  3.0
Invocations    | 1 |  1.6

Action                   |  1- 3 |  4- 6 |  7- 9 || total
-------------------------+-------+-------+-------++-------
Melee: War axe           |    53 |   128 |   105 ||   286
       Headbutt          |     8 |    20 |    28 ||    56
  Use: Scroll            |     4 |     8 |     8 ||    20
Armor: Scale mail        |    28 |    34 |       ||    62
       Chain mail        |       |    61 |    55 ||   116
       Plate armour      |       |       |    14 ||    14
Dodge: Dodged            |    29 |    59 |    48 ||   136
Block: Buckler           |    18 |    36 |    31 ||    85

Table legend: (Time is in decaauts)
 A = Elapsed time spent in this place.
 B = Non-inter-level travel time spent in this place.
 C = Inter-level travel time spent in this place.
 D = Time resting spent in this place.
 E = Time spent auto-exploring this place.
 F = Levels seen in this place.
 G = Mean time per level.
                   A        B        C        D        E       F      G
               +--------+--------+--------+--------+--------+-----+--------+
         Total |   5565 |   5419 |    146 |    213 |   3443 |   8 |  695.6 |
       Dungeon |   5033 |   4904 |    129 |     74 |   3268 |   6 |  838.8 |
        Temple |    211 |    194 |     17 |      0 |    173 |   1 |  211.0 |
       Ossuary |    320 |    320 |      0 |    139 |      2 |   1 |  320.0 |
               +--------+--------+--------+--------+--------+-----+--------+

Top non-repeatable levels by time:
     D:4: 1132 daAuts
     D:3: 1040 daAuts
     D:2: 970 daAuts
     D:5: 834 daAuts
     D:1: 737 daAuts
 Ossuary: 320 daAuts
     D:6: 316 daAuts
  Temple: 211 daAuts
